 Dungeon Crawl Stone Soup version 0.30.1-9-gdf580d7c3d (webtiles) character file.

Game seed: 4513602471394511006

567 booth the Chopper (level 7, -6/51 HPs)
             Began as a Demonspawn Wanderer on Oct 8, 2023.
             Mangled by a killer bee (8 damage)
             ... on level 5 of the Dungeon.
             The game lasted 00:21:36 (3523 turns).

booth the Chopper (Demonspawn Wanderer)             Turns: 3523, Time: 00:21:37

Health: -6/51      AC: 12    Str: 29 (30) XL:     7   Next: 11%
Magic:  9/9        EV: 10    Int:  9 (12) God:
Gold:   214        SH:  0    Dex: 11 (13) Spells: 6/6 levels left

rFire   . . .        a - +3 hand axe
rCold   . . .        (no shield)
rNeg    . . .        c - +1 scale mail
rPois   .            (helmet restricted)
rElec   .            (no cloak)
rCorr   .            r - +0 pair of gloves of Wu Jian's Supremacy {Str+7}
SInv    .            (no boots)
Will    .....        k - amulet of the acrobat
Stlth   ++           e - +6 ring of strength
HPRegen 0.28/turn    n - +4 ring of protection
MPRegen 0.22/turn

%: acrobat, clarity
@: lethally poisoned (-6 -> -9)
A: horns 1, thin skeletal structure 1, magic regeneration, clarity, sense
surroundings 1
a: no special abilities


You were on level 5 of the Dungeon.
You visited 2 branches of the dungeon, and saw 6 of its levels.

You collected 214 gold pieces.

Inventory:

Hand Weapons
 a - a +3 hand axe (weapon)
 b - a +0 spear
 p - a +0 mace
Missiles
 g - 9 poisoned darts (quivered)
 i - 10 boomerangs
Armour
 c - a +1 scale mail (worn)
 r - the +0 pair of gloves of Wu Jian's Supremacy (worn) {Str+7}
   (You acquired it on level 3 of the Dungeon)

   Str:       It affects your strength (+7).
Jewellery
 e - a +6 ring of strength (left hand)
 k - an amulet of the acrobat (around neck)
 n - a +4 ring of protection (right hand)
Scrolls
 j - 2 scrolls of teleportation
Potions
 f - a potion of might
 h - a potion of attraction
 m - a potion of haste
 q - a potion of flight {unknown}


   Skills:
 + Level 2.8 Fighting
 * Level 4.1(4.3) Axes
 - Level 1.7(3.2) Polearms
 + Level 2.1 Throwing
 + Level 2.5 Armour
 + Level 3.3 Stealth
 + Level 3.7 Invocations
 - Level 1.0 Evocations


You had 6 spell levels left.
You didn't know any spells.
Your spell library contained the following spells:

 Spells                   Type           Power      Damage    Failure   Level
 Summon Small Mammal      Summ           0%         N/A       65%         1
 Ensorcelled Hibernation  Hex/Ice        0%         N/A       78%         2
 Call Canine Familiar     Summ           0%         N/A       95%         3
 Dazzling Flash           Conj/Hex       0%         N/A       95%         3
 Spider Form              Tmut/Pois      0%         N/A       95%         3
 Summon Guardian Golem    Hex/Summ       0%         N/A       95%         3
 Volatile Blastmotes      Fire/Tloc      0%         2d10      95%         3
 Anguish                  Hex/Necr       0%         N/A       100%        4
 Iskenderun's Mystic Bla  Conj/Tloc      0%         2d3       100%        4
 Starburst                Conj/Fire      0%         6d3       100%        6


Dungeon Overview and Level Annotations

Branches:
Dungeon (5/15)             Temple (1/1) D:4

Altars:
Dithmenos
Fedhas
Gozag
Makhleb
Nemelex Xobeh
Okawaru
Sif Muna
Trog
Uskayaw
Vehumet
Wu Jian
Xom
Yredelemnul


Innate Abilities, Weirdness & Mutations

You have a pair of small horns on your head.
You have a somewhat thin skeletal structure. (Dex +2, Stealth+)
You regenerate magic rapidly.
You possess an exceptional clarity of mind.
You passively map a small area around you.


Message History

Aim: a killer bee (almost dead, 26% to hit)
You throw a poisoned dart.
The poisoned dart closely misses the killer bee.
The poisoned dart hits the quokka.
The quokka looks even sicker.
The quokka is moderately wounded.
The killer bee stings you.
* * * LOW HITPOINT WARNING * * *
You slash the killer bee!
You kill the killer bee!
The white imp shouts, "Begone, thou horrid elf-skinned crab-lanthorn!"
Throw: 10 darts (poison)
Press: ? - help, Q - select action, (/) - cycle Shift-Dir - straight line, f - quokka
Aim: a quokka (moderately wounded, very poisoned, 46% to hit)
You throw a poisoned dart. The poisoned dart hits the quokka.
The quokka looks as sick as possible!
The quokka is moderately wounded.
The quokka bites you but does no damage.
You kill the quokka!
The killer bee completely misses you.
You slash the killer bee! Your headbutt misses the killer bee.
The killer bee is severely wounded.
The killer bee closely misses you.
The killer bee stings you but does no damage.
The white imp shouts, "Crawl home, thou hateful tickle-brained harpy!"
The killer bee stings you!
* * * LOW HITPOINT WARNING * * *
You are lethally poisoned!
The killer bee poisons you!
* * * LOW HITPOINT WARNING * * *
You feel sick. The killer bee completely misses you.
The killer bee attacks as you move away!
The killer bee barely misses you.
* * * LOW HITPOINT WARNING * * *
You feel sick. The killer bee completely misses you.
It was a potion of mutation.
You feel extremely strange.
Your thoughts seem clearer.
You feel a strange attunement to the structure of the dungeons.
* * * LOW HITPOINT WARNING * * *
You feel sick. The killer bee stings you!
You die...

### ##.##
##.#.##
##.###.######
#.## ##5((y(#
**
##.###y####.#
* ##.#@## #.#
, ##.## #y#
#.# #5# #.#
#.# #.# **#y.
, #.## ,... *
##..# *,....,
#...# .... *
#)### ..(..(
* ,


You could see a killer bee and a white imp.

Vanquished Creatures
  Sigmund (D:2)
  A phantom (D:4)
  2 killer bees (D:5)
  2 orc priests (D:5)
  An iguana (D:4)
  An orc wizard (D:4)
  5 adders
  A white imp (D:5)
  5 dart slugs
  12 orcs
  4 endoplasms
  5 giant cockroaches
  6 goblins
  7 hobgoblins
  4 kobolds
  2 quokkas
  5 ball pythons
  7 bats
  3 frilled lizards
  2 rats
76 creatures vanquished.

Notes
Turn   | Place    | Note
-------+----------+-------------------------------------------
     0 | D:1      | booth the Demonspawn Wanderer began the quest for the Orb.
     0 | D:1      | booth set off with the following items: a +2 hand axe, a +0
                  | spear, a +0 scale mail, a potion of heal wounds.
     0 | D:1      | Reached XP level 1. HP: 15/15 MP: 1/1
   248 | D:1      | Reached skill level 2 in Axes
   325 | D:1      | Gained mutation: You regenerate magic rapidly. [demonic
                  | ancestry]
   325 | D:1      | Reached XP level 2. HP: 21/21 MP: 3/3
   951 | D:2      | Reached XP level 3. HP: 26/26 MP: 4/4
   954 | D:2      | Noticed Sigmund
   984 | D:2      | Killed Sigmund
   985 | D:2      | Reached skill level 3 in Axes
   985 | D:2      | Reached skill level 1 in Throwing
   985 | D:2      | Reached XP level 4. HP: 20/33 MP: 4/6
   985 | D:2      | Gained mutation: You have a pair of small horns on your
                  | head. [demonic ancestry]
   985 | D:2      | Reached XP level 5. HP: 23/38 MP: 4/7
  1876 | D:3      | Found a faded altar of an unknown god.
  2196 | D:3      | Identified a scroll of acquirement
  2196 | D:3      | Acquired the +0 pair of gloves of Wu Jian's Supremacy
                  | {Str+7}
  2344 | D:4      | Reached XP level 6. HP: 44/44 MP: 8/8
  2732 | D:4      | Found a staircase to the Ecumenical Temple.
  2743 | Temple   | Entered the Ecumenical Temple
  3361 | D:5      | Entered Level 5 of the Dungeon
  3386 | D:5      | Reached skill level 4 in Axes
  3495 | D:5      | Gained mutation: You have a somewhat thin skeletal
                  | structure. (Dex +2, Stealth+) [demonic ancestry]
  3495 | D:5      | Reached XP level 7. HP: 51/51 MP: 9/9
  3523 | D:5      | Gained mutation: You possess an exceptional clarity of
                  | mind. [potion of mutation]
  3523 | D:5      | Gained mutation: You passively map a small area around you.
                  | [potion of mutation]
  3523 | D:5      | HP: 2/51 [poisoned by a killer bee]
  3523 | D:5      | Mangled by a killer bee

Illustrated notes

Levels and vault maps discovered:
D:1:      grunt_arrival_crossed_arrows, layout_basic, hangedman_decor_slide_cut,
          minivault_11
D:2:      layout_rooms, uniq_sigmund
D:3:      layout_basic, nicolae_ecumenical_lake_church
D:4:      layout_loops_ring, minmay_temple_entry_statues_pillars,
          kennysheep_generic_room_5
D:5:      layout_loops_cross
Temple:   dpeg_chambers_temple

Skill      XL: |  1  2  3  4  5  6 |
---------------+-------------------+-----
Axes           | 2 3 4 |  4.1
Stealth        | 2 3 |  3.3
Fighting       | 2 |  2.8
Throwing       | 1 2 |  2.1
Invocations    | 2 3 |  3.7
Armour         | 2 |  2.5
Polearms       | |  1.7
Evocations     | |  1.0

Action                     |  1- 3 |  4- 6 |  7- 9 || total
---------------------------+-------+-------+-------++-------
  Melee: Hand axe          |    64 |   133 |    11 ||   208
         Headbutt          |       |    18 |       ||    18
  Throw: Dart              |     1 |     1 |     5 ||     7
    Use: Scroll            |     3 |     7 |       ||    10
         Potion            |     2 |     3 |     4 ||     9
 Armour: Scale mail        |    27 |    54 |    18 ||    99
  Dodge: Dodged            |    22 |    81 |    16 ||   119
